 Dungeon Crawl Stone Soup version 0.17.1-2-g5865329 (webtiles) character file.

1049 4thArraOfDagon the Chopper (level 8, -10/69 HPs)
             Began as a Minotaur Fighter on Jan 28, 2016.
             Was a Believer of Cheibriados.
             Killed from afar by Psyche (11 damage)
             ... with a wand of lightning
             ... on level 9 of the Dungeon.
             The game lasted 00:07:34 (1308 turns).

4thArraOfDagon the Chopper (Minotaur Fighter)       Turns: 1308, Time: 00:07:34

Health: -10/69     AC: 17    Str: 29    XL:     8   Next: 5%
Magic:  9/9        EV:  7    Int: 11    God:    Cheibriados [**....]
Gold:   202        SH: 11    Dex: 16    Spells: 0 memorised, 7 levels left

rFire  . . .     SeeInvis +     a - +0 war axe
rCold  . . .     Clarity  .     d - +0 plate armour
rNeg   . . .     SustAt   .     c - +0 shield
rPois  .         Gourm    .     (helmet restricted)
rElec  .         Spirit   .     r - +0 cloak
rCorr  .         Warding  .     m - +2 pair of gloves
rMut   .         Stasis   .     (no boots)
MR     .....                    (no amulet)
Stlth  ..........               v - ring of see invisible
                                h - ring of wizardry

@: very slow, not resistant to hostile enchantments, extremely unstealthy
A: retaliatory headbutt, horns 2
a: Bend Time, Renounce Religion


You were on level 9 of the Dungeon.
You worshipped Cheibriados.
Cheibriados was pleased with you.
You were not hungry.

You visited 1 branch of the dungeon, and saw 9 of its levels.

You collected 202 gold pieces.

Inventory:

Hand Weapons
 a - a +0 war axe (weapon)
Armour
 b - a +0 scale mail
 c - a +0 shield (worn)
 d - a +0 plate armour (worn)
 m - a +2 pair of gloves (worn)
 r - a +0 cloak (worn)
 t - a +0 chain mail
Jewellery
 h - a ring of wizardry (left hand)
 v - a ring of see invisible (right hand)
Wands
 x - a wand of fire (3)
Scrolls
 g - 2 scrolls of random uselessness {unknown}
 i - 2 scrolls of enchant armour
 n - 2 scrolls of noise {unknown}
 o - a scroll of fog {unknown}
 w - 2 scrolls of immolation {unknown}
 y - a scroll of holy word {unknown}
 A - a scroll of recharging {unknown}
Potions
 f - a potion of flight {unknown}
 j - a potion of heal wounds
 l - a potion of degeneration
 p - 2 potions of cancellation
 q - a potion of lignification {unknown}
 u - a potion of invisibility {unknown}
Comestibles
 e - 5 bread rations
 k - 4 meat rations
 s - a beef jerky


   Skills:
 + Level 5.5 Fighting
 * Level 6.8 Axes
 + Level 5.6 Armour
 + Level 3.4 Dodging
 + Level 5.3 Shields
 + Level 3.0 Invocations


You had 7 spell levels left.
You didn't know any spells.

Dungeon Overview and Level Annotations

Branches:
Dungeon (9/15)             Temple (0/1) D:6
   Lair: D:8-11         Orc: D:9-12

Altars:
Cheibriados

Annotations:
D:7 Dowan, Duvessa
D:9 Gastronok, Psyche


Innate Abilities, Weirdness & Mutations

You reflexively headbutt those who attack you in melee.
You have a pair of horns on your head.


Message History

Unknown command.
Psyche casts a cantrip, but nothing happens.
Unknown command.
Psyche laughs secretively.
The iguana bites you.
Unknown command.
Psyche casts a spell.
Psyche seems to speed up.
Unknown command.
Read which item? (? for menu, Esc to quit)
As you read the scroll labeled OFURANWYERU, it crumbles to dust.
It is a scroll of enchant armour.
Enchant which item? (? for menu, Esc to quit)
Your +1 pair of gloves glows green for a moment.
Psyche zaps a wand.
The bolt of lightning misses the iguana.
The bolt of lightning hits you!
* * * LOW HITPOINT WARNING * * *
The bolt of lightning hits you!
You die...

<.##.#... ........
.....#.####### ###
.............. ..#
........########.#
###.###.#......#.#
............#.##.#
..#.##....#.#..#.#
. #....#.#.##@#
#...l...#....l.#
.......####@####
................#
#............##.#
.............. #
########.....
......# ###....#


You could see Psyche and an iguana.

Vanquished Creatures
  An orc warrior (D:6)
  A phantom (D:6)
  2 ogres
  A centaur (D:8)
  A crocodile (D:8)
  2 giant frogs
  A gnoll sergeant (D:7)
  A scorpion (D:5)
  A hound (D:7)
  An orc priest (D:4)
  A giant frog skeleton (D:4)
  An iguana (D:8)
  Robin (D:4)
  3 adders
  5 gnolls
  3 adder zombies
  3 oozes
  A worm (D:2)
  14 orcs
  A ball python (D:4)
  9 goblins
  5 hobgoblins
  3 jackals (D:3)
  5 quokkas
  3 bats
  A giant newt (D:2)
  A jackal skeleton (D:4)
  A kobold (D:2)
  4 rats
77 creatures vanquished.

Notes
Turn   | Place    | Note
--------------------------------------------------------------
     0 | D:1      | 4thArraOfDagon the Minotaur Fighter began the quest for the Orb.
     0 | D:1      | Reached XP level 1. HP: 19/19 MP: 0/0
   110 | D:2      | Reached XP level 2. HP: 24/27 MP: 1/1
   133 | D:2      | Found a snail-covered altar of Cheibriados.
   135 | D:2      | Reached skill level 4 in Fighting
   139 | D:2      | Became a worshipper of Cheibriados the Contemplative
   233 | D:2      | Reached XP level 3. HP: 20/33 MP: 2/2
   494 | D:3      | Reached * piety under Cheibriados
   533 | D:4      | Noticed Robin
   566 | D:4      | Reached XP level 4. HP: 32/40 MP: 3/3
   577 | D:4      | Killed Robin
   638 | D:4      | Reached skill level 1 in Invocations
   688 | D:4      | Noticed an ogre
   703 | D:4      | Killed an ogre
   703 | D:4      | Reached skill level 1 in Dodging
   703 | D:4      | Reached XP level 5. HP: 33/47 MP: 0/5
   749 | D:4      | Reached ** piety under Cheibriados
   749 | D:4      | Reached skill level 5 in Axes
   770 | D:5      | Entered Level 5 of the Dungeon
   879 | D:7      | Noticed Duvessa
   879 | D:7      | Noticed Dowan
   879 | D:7      | Noticed a phantom
   898 | D:6      | Killed a phantom
   898 | D:6      | Reached XP level 6. HP: 40/53 MP: 6/6
   912 | D:6      | Found a staircase to the Ecumenical Temple.
   990 | D:7      | Noticed an orc warrior
  1008 | D:6      | Killed an orc warrior
  1008 | D:6      | Reached skill level 5 in Armour
  1008 | D:6      | Reached XP level 7. HP: 32/60 MP: 0/7
  1079 | D:7      | Reached skill level 5 in Fighting
  1079 | D:7      | Reached skill level 6 in Axes
  1140 | D:5      | Reached skill level 5 in Shields
  1276 | D:9      | Noticed Gastronok
  1288 | D:9      | Reached XP level 8. HP: 45/69 MP: 9/9
  1304 | D:9      | Noticed Psyche
  1308 | D:9      | HP: 1/69 [Psyche/wand of lightning (26)]
  1308 | D:9      | Killed from afar by Psyche

Action                   |  1- 3 |  4- 6 |  7- 9 || total
-------------------------+-------+-------+-------++-------
Melee: War axe           |    61 |    64 |    44 ||   169
Invok: Bend Time         |       |     3 |       ||     3
Evoke: Wand              |       |       |     2 ||     2
  Use: Scroll            |     2 |     1 |     2 ||     5
       Potion            |       |     2 |       ||     2
  Eat: Chunk             |       |       |     1 ||     1
